 Dungeon Crawl Stone Soup version 0.30.0-19-g36f170ea60 (webtiles) character file.

Game seed: 8007519543433040800

1631 Diggabert the Thaumaturge (level 8, 0/40 HPs)
             Began as a Deep Elf Conjurer on May 28, 2023.
             Was a Follower of Hepliaklqana.
             Slain by Duvessa
             ... wielding a +0 short sword
              (10 damage)
             ... on level 6 of the Dungeon.
             The game lasted 00:17:39 (6380 turns).

Diggabert the Thaumaturge (Deep Elf Conjurer)       Turns: 6380, Time: 00:17:39

Health: 0/40       AC:  4    Str:  4    XL:     8   Next: 65%
Magic:  1/22       EV: 18    Int: 35    God:    Hepliaklqana [*.....]
Gold:   245        SH:  4    Dex: 16    Spells: 10/24 levels left

rFire   . . .        w - +4 dagger of Doymorui {spect, Fragile rN+ Int+3 Dex+3}
rCold   . . .        v - +0 buckler
rNeg    + . .        a - +0 robe
rPois   .            B - +1 helmet {SInv}
rElec   .            (no cloak)
rCorr   .            (no gloves)
SInv    +            (no boots)
Will    .....        y - amulet of the acrobat
Stlth   ++           f - +6 ring of intelligence
HPRegen 0.26/turn    p - +5 ring of evasion
MPRegen 0.18/turn

%: acrobat
@: no status effects
A: reduced essence
a: Renounce Religion, Recall Ancestor, Ancestor Identity


You were on level 6 of the Dungeon.
You worshipped Hepliaklqana.
Hepliaklqana was aware of your devotion.
You visited 2 branches of the dungeon, and saw 7 of its levels.

You collected 245 gold pieces.

Inventory:

Hand Weapons
 g - a +1 spear of venom
 u - the +5 dagger of Dishonesty {venom, Will+}
   (You took it off an orc on level 4 of the Dungeon)

   Will:      It increases your willpower.
 w - the +4 dagger of Doymorui (weapon) {spect, Fragile rN+ Int+3 Dex+3}
   (You found it on level 5 of the Dungeon)

   Int:       It affects your intelligence (+3).
   Dex:       It affects your dexterity (+3).
   rN:        It protects you from negative energy.
   Fragile:   It will be destroyed if unequipped.
Armour
 a - a +0 robe (worn)
 v - a +0 buckler (worn)
 B - a +1 helmet of see invisible (worn)
Magical Staves
 l - a staff of air
Jewellery
 f - a +6 ring of intelligence (left hand)
 i - a ring of protection from cold
 k - a ring of willpower
 p - a +5 ring of evasion (right hand)
 y - an amulet of the acrobat (around neck)
Scrolls
 d - 3 scrolls of noise
 h - a scroll of blinking {unknown}
 m - 2 scrolls of immolation {unknown}
 n - a scroll of enchant weapon {unknown}
 r - a scroll of magic mapping {unknown}
 t - a scroll of poison {unknown}
Potions
 b - a potion of magic
 c - a potion of cancellation
 e - 2 potions of mutation
 j - 2 potions of brilliance
 o - 2 potions of heal wounds
 q - a potion of might
 s - 2 potions of curing
 x - a potion of attraction
 z - 2 potions of berserk rage
 A - a potion of haste {unknown}
 C - 2 potions of degeneration {unknown}


   Skills:
 * Level 2.4 Fighting
 * Level 4.5 Dodging
 - Level 2.4 Stealth
 * Level 1.8 Shields
 * Level 8.6 Spellcasting
 * Level 8.5 Conjurations
 * Level 3.7 Hexes


You had 10 spell levels left.
You knew the following spells:

 Your Spells              Type           Power      Damage    Failure   Level
a - Magic Dart            Conj           100%       1d8       1%          1
b - Searing Ray           Conj           100%       2d8       1%          2
c - Dazzling Flash        Conj/Hex       100%       N/A       1%          3
d - Fulminant Prism       Conj/Hex       27%        3d14      4%          4
e - Iskenderun's Mystic   Conj/Tloc      45%        2d10      10%         4

Your spell library contained the following spells:

 Spells                   Type           Power      Damage    Failure   Level
 Stone Arrow              Conj/Erth      90%        3d12      2%          3
 Sandblast                Erth           30%        2d9       5%          1
 Passwall                 Tmut/Erth      12%        N/A       9%          2
 Sublimation of Blood     Necr           15%        N/A       9%          2
 Wereblood                Tmut           15%        N/A       9%          2
 Vhi's Electric Charge    Tloc/Air       30%        N/A       16%         3
 Arcjolt                  Conj/Air       22%        1d32      26%         5
 Plasma Beam              Fire/Air       7%         2x1d20    100%        6
 Summon Hydra             Summ           7%         N/A       100%        7


Dungeon Overview and Level Annotations

Branches:
Dungeon (6/15)             Temple (1/1) D:4

Altars:
Ashenzari
Cheibriados
Dithmenos
Fedhas
Gozag
Hepliaklqana
Kikubaaqudgha
Makhleb
Nemelex Xobeh
Qazlal
Ru
Sif Muna
Trog
Uskayaw
Wu Jian
Xom
Zin
The Shining One

Shops:
D:4 *

Annotations:
D:6 Duvessa


Message History

Duvessa completely misses you.
Purbo hits Duvessa but does no damage.
Duvessa hits Purbo with a +0 short sword!
The searing ray hits Duvessa but does no damage.
Duvessa is heavily wounded.
Duvessa closely misses you.
Purbo hits Duvessa but does no damage.
The searing ray hits Duvessa.
Duvessa is heavily wounded.
You finish channelling your searing ray.
Duvessa completely misses you. You block Duvessa's attack.
Purbo completely misses Duvessa.
Casting: Searing Ray (safe; 1% risk of failure)
Confirm with . or Enter, or press ? or * to list all spells.
Aiming: Searing Ray (safe; 1% risk of failure)
Press: ? - help, Shift-Dir - straight line, f/p - Duvessa
Aim: Duvessa, wielding a +0 short sword and wearing a +2 chain mail of fire resistance (heavily wounded, berserk, ally target, 90% to hit)
The searing ray hits Duvessa.
Duvessa is severely wounded. (Press . to maintain the ray.) Duvessa completely misses you.
Purbo hits Duvessa.
Unknown command.
The searing ray hits Duvessa but does no damage.
Duvessa is severely wounded.
Duvessa barely misses you.
Purbo barely misses Duvessa.
Duvessa barely misses you.
Unknown command.
The searing ray hits Duvessa but does no damage.
Duvessa is severely wounded.
Duvessa completely misses you.
Purbo completely misses Duvessa.
The searing ray hits Duvessa but does no damage.
Duvessa is severely wounded.
You finish channelling your searing ray.
Duvessa closely misses you.
Purbo hits Duvessa.
Duvessa hits Purbo with a +0 short sword!
You hit Duvessa.
Duvessa is almost dead.
Duvessa closely misses you.
Purbo barely misses Duvessa.
You hit Duvessa but do no damage.
Duvessa is almost dead.
Duvessa hits you with a +0 short sword!
You die...

.......
.......
.......
.......
#......
#......#######
#....).......#
#.....R@..##.#
#.....e##.##.#
....... #.##.#
#.....) #.##.#
....... #.#..#
#...... #.#.##
#...... #.#.#
#...... #.#.#
#.#


You could see the friendly Purbo the ancestor and Duvessa (berserk, ally
target).

Vanquished Creatures
  Eustachio (D:5)
  3 ice beasts (D:5)
  An ogre (D:5)
  A centaur (D:6)
  A phantom (D:6)
  2 scorpions
  Dowan (D:6)
  2 wights (D:6)
  A howler monkey (D:5)
  An orc priest (D:4)
  3 hounds
  A gnoll bouda (D:5)
  3 iguanas
  2 orc wizards
  8 gnolls
  3 adders
  A shadow imp (D:6)
  2 ufetubi (D:5)
  2 worms
  2 dart slugs
  29 orcs
  5 bats
  4 endoplasms
  5 giant cockroaches
  5 goblins
  4 hobgoblins
  6 jackals
  11 kobolds
  4 quokkas
  10 ball pythons
  4 frilled lizards
  5 rats
133 creatures vanquished.

Vanquished Creatures (collateral kills)
  2 wights (D:6)
  A hound (D:6)
  An orc wizard (D:6)
  2 orcs (D:6)
6 creatures vanquished.

Vanquished Creatures (others)
  3 fulminant prisms
3 creatures vanquished.

Grand Total: 142 creatures vanquished

Notes
Turn   | Place    | Note
-------+----------+-------------------------------------------
     0 | D:1      | Diggabert the Deep Elf Conjurer began the quest for the
                  | Orb.
     0 | D:1      | Reached XP level 1. HP: 10/10 MP: 6/6
   286 | D:1      | Reached XP level 2. HP: 15/15 MP: 0/8
   289 | D:1      | Learned a level 2 spell: Searing Ray
  1079 | D:2      | Reached skill level 5 in Conjurations
  1319 | D:2      | Reached XP level 3. HP: 19/19 MP: 5/9
  1323 | D:2      | Learned a level 3 spell: Dazzling Flash
  1537 | D:2      | Found a faded altar of an unknown god.
  2244 | D:3      | Found a shimmering altar of Xom.
  2381 | D:3      | Found a snail-covered altar of Cheibriados.
  2387 | D:3      | Reached XP level 4. HP: 24/24 MP: 8/11
  2392 | D:3      | Learned a level 4 spell: Fulminant Prism
  2662 | D:3      | Found a sacrificial altar of Ru.
  2867 | D:4      | Reached skill level 1 in Hexes
  2885 | D:3      | Reached XP level 5. HP: 26/28 MP: 0/13
  2984 | D:4      | Found a glowing silver altar of Zin.
  3074 | D:4      | Reached skill level 1 in Fighting
  3628 | D:4      | Identified the +5 dagger of Dishonesty {venom, Will+}
  3810 | D:4      | Found Xiuq's Neck Hole.
  3980 | D:4      | Found a staircase to the Ecumenical Temple.
  4002 | Temple   | Entered the Ecumenical Temple
  4167 | D:4      | Found a sparkling altar of Nemelex Xobeh.
  4173 | D:4      | Reached skill level 5 in Spellcasting
  4173 | D:4      | Reached XP level 6. HP: 34/34 MP: 9/15
  4178 | D:4      | Learned a level 4 spell: Iskenderun's Mystic Blast
  4219 | D:4      | Found a glowing golden altar of the Shining One.
  4220 | D:4      | Found a bloodstained altar of Trog.
  4230 | D:4      | Found a shadowy altar of Dithmenos.
  4230 | D:4      | Found an ornate altar of the Wu Jian Council.
  4231 | D:4      | Found a hazy altar of Hepliaklqana.
  4238 | D:4      | Found a broken altar of Ashenzari.
  4301 | D:4      | Became a worshipper of Hepliaklqana the Forgotten
  4559 | D:5      | Entered Level 5 of the Dungeon
  4663 | D:5      | Identified the +4 dagger of Doymorui {spect, Fragile rN+
                  | Int+3 Dex+3}
  4832 | D:5      | Reached XP level 7. HP: 33/38 MP: 9/18
  5350 | D:5      | Reached skill level 1 in Shields
  5431 | D:5      | Noticed Eustachio
  5448 | D:5      | Killed Eustachio
  5449 | D:5      | Reached XP level 8. HP: 44/44 MP: 9/21
  5750 | D:5      | Found a stormy altar of Qazlal.
  5753 | D:5      | Reached * piety under Hepliaklqana
  5753 | D:5      | Noticed an air elemental
  6358 | D:6      | Noticed Duvessa
  6358 | D:6      | Noticed Dowan
  6363 | D:6      | Killed Dowan
  6380 | D:6      | Slain by Duvessa

Illustrated notes

Levels and vault maps discovered:
D:1:      beargit_arrival_greenhouse, layout_loops_corners,
          minmay_misc_feat_plants
D:2:      layout_loops_ring, hellmonk_ecumenical_altar_pennies_from_heaven
D:3:      layout_rooms, kennysheep_slug_shrine, hangedman_ru_absence,
          mainiacjoe_overflow_cross_hatched
D:4:      layout_loops_ring, mainiacjoe_overflow_boulevard,
          nicolae_overflow_hallway_of_the_gods,
          minmay_temple_entry_glassed_door, nicolae_shop_sticking_my_neck_out
D:5:      layout_basic, nicolae_qazlal_style_of_elements, uniq_eustachio
D:6:      layout_basic, kennysheep_generic_room_8, uniq_duvessa
Temple:   hellmonk_temple_beads

Skill      XL: |  1  2  3  4  5  6  7  8 |
---------------+-------------------------+-----
Conjurations   | 5 6 7 8 |  8.5
Dodging        | 3 4 |  4.5
Spellcasting   | 4 5 6 7 8 |  8.6
Hexes          | 1 2 3 |  3.7
Fighting       | 1 2 |  2.4
Shields        | 1 |  1.8
Stealth        | |  2.4

Action                     |  1- 3 |  4- 6 |  7- 9 || total
---------------------------+-------+-------+-------++-------
  Melee: Staff             |       |    14 |       ||    14
         Dagger            |       |       |     2 ||     2
   Cast: Magic Dart        |    74 |    81 |    40 ||   195
         Searing Ray       |     9 |    19 |    23 ||    51
         Fulminant Prism   |       |       |     3 ||     3
 Invoke: Ancestor Identity |       |       |     2 ||     2
    Use: Scroll            |     3 |     4 |     2 ||     9
  Dodge: Dodged            |       |    28 |    25 ||    53
  Block: Buckler           |       |     1 |     5 ||     6
